 Dungeon Crawl Stone Soup version 0.31.0-9-g3a7656b989 (webtiles) character file.

Game seed: 14637902202044278915

67778 Drazool the Geomancer (level 15, -3/82 HPs)
             Began as a Kobold Earth Elementalist on Jan 24, 2024.
             Was a High Priest of Sif Muna.
             Killed by divine providence
             ... invoked by Saint Roka
              (13 damage)
             ... on level 2 of the Orcish Mines on Jan 25, 2024.
             The game lasted 01:23:22 (36150 turns).

Drazool the Geomancer (Kobold Earth Elementalist)  Turns: 36150, Time: 01:23:24

Health: -3/82      AC:  9    Str:  5    XL:     15   Next: 67%
Magic:  2/30       EV: 29    Int: 24    God:    Sif Muna [*****.]
Gold:   1271       SH:  0    Dex: 16    Spells: 10/36 levels left

rFire   . . .        B - +0 dagger (elec)
rCold   . . .        (no shield)
rNeg    . . .        G - +1 robe {Will+}
rPois   .            M - +2 hat {SInv}
rElec   .            Q - +0 cloak
rCorr   .            y - +2 pair of gloves
SInv    +            (no boots)
Will    ++...        (no amulet)
Stlth   ++++++       e - +5 ring of evasion
HPRegen 0.33/turn    E - +5 ring of evasion
MPRegen 0.22/turn

%: no passive effects
@: no status effects
A: small, no large weapons, nightstalker 3
a: Renounce Religion, Channel Magic, Forget Spell, Divine Exegesis


You were on level 2 of the Orcish Mines.
You worshipped Sif Muna.
Sif Muna was extremely pleased with you.
You visited 4 branches of the dungeon, and saw 20 of its levels.
You also visited: Gauntlet.

You collected 1391 gold pieces.
You spent 120 gold pieces at shops.


Innate Abilities, Weirdness & Mutations

You are small and have problems with some larger weapons.
You are completely attuned to the shadows.


   Skills:
 - Level 5.0 Fighting
 - Level 10.0 Short Blades
 - Level 9.0 Dodging
 - Level 12.0 Stealth
 - Level 11.0 Spellcasting
 - Level 12.0 Conjurations
 + Level 13.5 Earth Magic
 - Level 5.0 Alchemy
 - Level 8.0 Invocations
 - Level 6.0 Evocations


You had 10 spell levels left.
You knew the following spells:

 Your Spells              Type           Power      Damage    Failure   Level
a - Passwall              Erth           67%        N/A       1%          3
e - Ensorcelled Hibernat  Hex/Ice        26%        N/A       7%          2
n - Apportation           Tloc           26%        N/A       4%          1
p - Petrify               Alch/Erth      55%        N/A       1%          4
w - Stone Arrow           Conj/Erth      100%       3d13      1%          3
z - Sandblast             Erth           100%       2d20      1%          1
B - Blink                 Tloc           26%        N/A       7%          2
X - Brom's Barrelling Bo  Conj/Erth      65%        2d8       1%          4
Y - Bombard               Conj/Erth      32%        9d6       3%          6

Your spell library contained the following spells:

 Spells                   Type           Power      Damage    Failure   Level
 Foxfire                  Conj/Fire      100%       2x1d9     1%          1
 Magic Dart               Conj           100%       1d8       1%          1
 Sting                    Conj/Alch      100%       1d9       1%          1
 Leda's Liquefaction      Alch/Erth      27%        N/A       1%          4
 Lee's Rapid Deconstruct  Erth           33%        3d17*     1%          5
 Mercury Vapours          Alch/Air       50%        N/A       2%          2
 Cigotuvi's Dreadful Rot  Necr/Alch/Air  42%        N/A       3%          2
 Necrotise                Necr           52%        1d6       4%          1
 Summon Small Mammal      Summ           52%        N/A       4%          1
 Call Imp                 Summ           26%        N/A       7%          2
 Gell's Gravitas          Tloc           13%        N/A       14%         3
 Swiftness                Air            13%        N/A       14%         3
 Teleport Other           Tloc           13%        N/A       14%         3
 Vampiric Draining        Necr           13%        2d6       14%         3
 Dispel Undead            Necr           13%        3d9       43%         4
 Martyr's Knell           Necr/Summ      13%        N/A       43%         4
 Conjure Ball Lightning   Conj/Air       21%        3x3d6     52%         6
 Starburst                Conj/Fire      21%        6d7       52%         6
 Curse of Agony           Necr           13%        N/A       78%         5
 Lehudib's Crystal Spear  Conj/Erth      32%        10d8      86%         8
 Death Channel            Necr           6%         N/A       100%        6
 Dispersal                Tloc           6%         N/A       100%        6
 Plasma Beam              Fire/Air       6%         2x1d17    100%        6

Inventory:

Hand Weapons
 B - a +0 dagger of electrocution (weapon)
Missiles
 q - 26 poisoned darts
 x - a throwing net {=f}
 A - 2 curare-tipped darts {=f}
Armour
 y - a +2 pair of gloves (worn)
 G - a +1 robe of willpower (worn)
 M - a +2 hat of see invisible (worn)
 Q - a +0 cloak (worn)
Jewellery
 c - a ring of protection from cold
 d - a +6 ring of dexterity
 e - a +5 ring of evasion (left hand)
 j - an amulet of guardian spirit
 w - a ring of willpower
 C - a ring of protection from cold
 E - a +5 ring of evasion (right hand)
 F - a ring of fire
 N - a ring of positive energy
 R - a ring of resist corrosion
 W - a ring of willpower
 X - a ring of the Octopus King {rCorr HP+2 AC+2 EV+2 SH+2}
   (You found it on level 5 of the Lair of Beasts)

   [ring of resist corrosion]

   AC+2:      It affects your AC (+2).
   EV+2:      It affects your evasion (+2).
   HP+2:      It affects your health (+2).
   rCorr:     It protects you from acid and corrosion.
   SH+2:      It affects your SH (+2).
Wands
 a - a wand of roots (8)
 f - a wand of flame (8)
 o - a wand of mindburst (34)
 p - a wand of polymorph (10)
 K - a wand of charming (14)
 L - a wand of acid (7)
Scrolls
 h - a scroll of enchant weapon
 l - 3 scrolls of poison
 s - 6 scrolls of immolation
 t - 3 scrolls of fear
 D - 9 scrolls of teleportation {@r2}
 I - a scroll of silence {!r}
 O - a scroll of vulnerability {unknown}
 S - a scroll of acquirement {unknown}
 T - a scroll of fog {unknown}
 Y - a scroll of amnesia
 Z - a scroll of summoning {unknown}
Potions
 b - 2 potions of magic
 g - 3 potions of berserk rage {unknown}
 i - 3 potions of haste {@q3}
 k - 4 potions of curing {@q1}
 n - a potion of invisibility {unknown}
 r - 4 potions of mutation
 u - 10 potions of heal wounds {unknown}
 v - 7 potions of enlightenment
 z - 2 potions of ambrosia {unknown}
 H - 2 potions of degeneration {unknown}
 J - a potion of attraction {unknown}
 P - 5 potions of cancellation {unknown}
 U - 3 potions of brilliance {unknown}
 V - 4 potions of lignification

Dungeon Overview and Level Annotations

Branches:
Dungeon (12/15)            Temple (1/1) D:4            Lair (5/5) D:8
  Swamp (0/4) Lair:3       Spider (0/4) Lair:2        Slime (0/5) Lair:5
    Orc (2/2) D:12            Elf (0/3) Orc:2       Gauntlet (visited)

Altars:
Ashenzari
Cheibriados
Dithmenos
Elyvilon
Gozag
Kikubaaqudgha
Makhleb
Okawaru
Qazlal
Ru
Sif Muna
Trog
Uskayaw
Wu Jian
Xom
Yredelemnul
Zin
The Shining One
Jiyva

Shops:
D:7 *   Orc:2 *

Annotations:
D:1 1 runed translucent door
D:3 exclusion: black bear
D:8 2 transporters, Jeremiah
Lair:2 exclusions: pharaoh ant and scorpion
Lair:4 1 runed translucent door
Orc:2 Saint Roka

# ▒▒.......▒▒ #
▒.........▒ #
▒....8....▒ ▒▒▒▒▒▒ #
▒.........▒ ▒▒....▒▒ #
▒▒.......▒▒▒▒..).§.▒▒
▒▒...).▒▒▒▒....o...▒
▒▒)..▒▒▒▒....)∩...▒ ▓
▒▒)..▒▒▒....).....▒ ▓▓▓
▒▒...▒▒▒....@.....▒▒
'.▓ ▒..).▒▒....)......▒
▓.▓▒▒...▒▒.....▒▒...▒▒▒
▓.▓▒....▒..).)▒▒▒▒▒▒▒
..▓▒.).▒▒..)..▒
▓▓▓▒...▒....†▒▒
..▓▒..▒▒.....▒
..▓...▒......▒
..▓.........▒▒


You could see Saint Roka.


Message History

Aiming: Bombard (dangerous; 3% risk of failure)
Press: ? - help, Shift-Dir - straight line, f/p - Saint Roka
Aim: Saint Roka, wielding a +2 great mace and wearing a +0 plate armour (severely wounded, 84% to hit)
The iron shot hits Saint Roka!!
Saint Roka is severely wounded.
Unknown command.
Casting: Bombard (dangerous; 3% risk of failure)
Confirm with . or Enter, or press ? or * to list all spells.
Aiming: Bombard (dangerous; 3% risk of failure)
Press: ? - help, Shift-Dir - straight line, f/p - Saint Roka
Aim: Saint Roka, wielding a +2 great mace and wearing a +0 plate armour (severely wounded, 84% to hit)
The iron shot hits Saint Roka!
Saint Roka is almost dead.
Saint Roka completely misses you.
Casting: Bombard (dangerous; 3% risk of failure)
Confirm with . or Enter, or press ? or * to list all spells.
Aiming: Bombard (dangerous; 3% risk of failure)
Press: ? - help, Shift-Dir - straight line, f/p - Saint Roka
Aim: Saint Roka, wielding a +2 great mace and wearing a +0 plate armour (almost dead, 84% to hit)
The iron shot hits Saint Roka!
Saint Roka is almost dead.
Saint Roka hits you with a +2 great mace!!
* * * LOW HITPOINT WARNING * * *
Blink to where?
Press: ? - help, Dir - move target, p - Saint Roka
As you read the scroll of blinking, it crumbles to dust.
Saint Roka calls down the wrath of Beogh upon you.
Beogh smites you!
You die...
Saint Roka roars, "Praise to Beogh!"

Skill      XL: |  1  2  3  4  5  6  7  8  9 10 11 12 13 14 15 |
---------------+----------------------------------------------+-----
Earth Magic    | 4 5 6 7 10 12 13 | 13.5
Conjurations   | 3 4 5 6 8 11 12 | 12.0
Spellcasting   | 5 6 7 8 10 11 | 11.0
Stealth        | 5 7 12 | 12.0
Invocations    | 3 8 |  8.0
Alchemy        | 4 5 |  5.0
Dodging        | 7 9 |  9.0
Evocations     | 2 4 6 |  6.0
Fighting       | 5 |  5.0
Short Blades   | 10 | 10.0

Action                     |  1- 3 |  4- 6 |  7- 9 | 10-12 | 13-15 || total
---------------------------+-------+-------+-------+-------+-------++-------
  Melee: Dagger            |     1 |       |     1 |    30 |    18 ||    50
         Punch             |       |       |       |     1 |       ||     1
   Cast: Sandblast         |    58 |    85 |    43 |    17 |    10 ||   213
         Passwall          |       |     1 |     1 |    19 |    25 ||    46
         Stone Arrow       |       |     4 |    93 |   309 |   627 ||  1033
         Petrify           |       |       |     1 |     6 |     4 ||    11
         Brom's Barrelling |       |       |       |     2 |    16 ||    18
         Bombard           |       |       |       |       |   145 ||   145
 Invoke: Channel Magic     |       |       |     1 |     8 |    23 ||    32
  Evoke: Wand              |       |     2 |     1 |     6 |    10 ||    19
    Use: Scroll            |       |     5 |     3 |     7 |    13 ||    28
         Potion            |       |       |       |     5 |     3 ||     8
   Stab: Sleeping          |       |       |       |    10 |       ||    10
 Armour: Robe              |    12 |    19 |     7 |   102 |   123 ||   263
  Dodge: Dodged            |    19 |    35 |    27 |   249 |   460 ||   790

Levels and vault maps discovered:
D:1:      dpeg_arrival_caged_fury, layout_basic, serial_glass, glass_columns_a,
          glass_columns_b, item_on_display_a, item_on_display_a,
          item_on_display_a, due_unseen_surprise, minmay_pentomino_w2
D:2:      minmay_diamond_boxcup, layout_basic, shapermc_ecumenical_altar_gd,
          kennysheep_potato
D:3:      layout_loops_cross, minitemple, lemuel_crystal_altar
D:4:      layout_rooms, minmay_temple_entry_hall
D:5:      layout_loops_ring, nicolae_dithmenos_through_a_glass_darkly
D:6:      dreamdust_elfheim, layout_rooms, st_stairs_3, uniq_pikel
D:7:      layout_rooms, lemuel_tele_altar, serial_shops, shop, uniq_joseph
D:8:      gammafunk_steamed_eel, layout_loops_ring,
          nicolae_ru_great_annihilating_truth, minmay_lair_entry_grove,
          serial_library_hellmonk_junction, uniq_jeremiah
D:9:      layout_irregular_city
D:10:     layout_irregular_city, nicolae_gozag_cash_rules_everything_around_me
D:11:     layout_basic, serial_undead, serial_undead_e, serial_undead_f,
          serial_undead_f, serial_undead_c, jiyva_altar_1, uniq_urug
D:12:     layout_loops_ring, david_orc_2
Temple:   cyrus_circular_temple
Lair:1:   layout_gridlike, uniq_gastronok
Lair:2:   layout_loops_ring, nicolae_spider_entry_lesser_pyramids,
          portal_ice_cave_entry_ice_simulacra, infiniplex_staircase_pool,
          serial_bayou_shore_a, grunt_megastairs_4, uniq_nergalle
Lair:3:   lemuel_reptile_caves, layout_regular_city,
          mainiacjoe_swamp_entry_lozenge_pond
Lair:4:   layout_long_grid, st_stairs_7, pf_torpor_hydra
Lair:5:   gammafunk_lair_ancient_temple, layout_small_grid, slime_entry_1,
          gauntlet_entry_generic, serial_bayou_lake_a
Orc:1:    layout_caves
Orc:2:    pubby_orc_utopia

Notes
Turn   | Place    | Note
-------+----------+-------------------------------------------
     0 | D:1      | Drazool the Kobold Earth Elementalist began the quest for
                  | the Orb.
     0 | D:1      | Reached XP level 1. HP: 10/10 MP: 3/3
     1 | D:1      | Found a runed translucent door.
   317 | D:1      | Reached XP level 2. HP: 15/15 MP: 1/5
   749 | D:1      | Reached skill level 4 in Earth Magic
   749 | D:1      | Reached XP level 3. HP: 19/19 MP: 4/6
   753 | D:1      | Learned a level 3 spell: Passwall
  1527 | D:2      | Reached XP level 4. HP: 24/24 MP: 4/7
  1623 | D:2      | Reached skill level 5 in Earth Magic
  1822 | D:2      | Reached XP level 5. HP: 7/28 MP: 0/8
  1955 | D:2      | Learned a level 3 spell: Stone Arrow
  1979 | D:2      | Found a faded altar of an unknown god.
  2224 | D:2      | Reached skill level 2 in Conjurations
  2710 | D:3      | Found a snail-covered altar of Cheibriados.
  2905 | D:3      | Reached skill level 3 in Conjurations
  2905 | D:3      | Reached XP level 6. HP: 32/32 MP: 6/9
  3408 | D:3      | Noticed a black bear
  3869 | D:4      | Noticed an acid dragon
  3879 | D:4      | Killed an acid dragon
  3880 | D:4      | Reached skill level 4 in Conjurations
  3880 | D:4      | Reached XP level 7. HP: 23/36 MP: 2/10
  4017 | D:4      | Found a staircase to the Ecumenical Temple.
  4023 | Temple   | Entered the Ecumenical Temple
  4034 | Temple   | Became a worshipper of Sif Muna the Loreminder
  4531 | D:5      | Entered Level 5 of the Dungeon
  4668 | D:5      | Noticed a water moccasin
  4671 | D:5      | Killed a water moccasin
  4672 | D:5      | Reached skill level 3 in Spellcasting
  4779 | D:5      | Reached skill level 4 in Spellcasting
  5128 | D:5      | Found a shadowy altar of Dithmenos.
  5137 | D:5      | Reached skill level 5 in Spellcasting
  5137 | D:5      | Reached XP level 8. HP: 41/41 MP: 3/16
  5420 | D:5      | Reached skill level 3 in Stealth
  5580 | D:5      | Reached skill level 4 in Stealth
  5687 | D:5      | Reached skill level 5 in Stealth
  5687 | D:5      | Reached skill level 6 in Spellcasting
  5764 | D:5      | Reached * piety under Sif Muna
  6034 | D:6      | Reached skill level 1 in Invocations
  6088 | D:6      | Noticed Duvessa
  6088 | D:6      | Noticed Dowan
  6110 | D:6      | Killed Duvessa
  6111 | D:6      | Reached skill level 2 in Invocations
  6215 | D:6      | Reached skill level 3 in Invocations
  6280 | D:6      | Reached XP level 9. HP: 45/45 MP: 5/18
  6285 | D:6      | Learned a level 4 spell: Brom's Barrelling Boulder
  6293 | D:6      | Reached skill level 4 in Invocations
  6590 | D:6      | Reached skill level 5 in Invocations
  6607 | D:6      | Dowan changed into Dowan the jelly
  6607 | D:6      | Noticed Dowan
  6608 | D:6      | Killed Dowan the jelly
  6812 | D:6      | Reached skill level 6 in Invocations
  6820 | D:6      | Noticed Pikel
  6827 | D:6      | Killed Pikel
  6828 | D:6      | Reached skill level 7 in Invocations
  7030 | D:6      | Learned a level 4 spell: Petrify
  7033 | D:6      | Reached skill level 8 in Invocations
  7334 | D:7      | Reached skill level 1 in Alchemy
  7479 | D:7      | Reached skill level 2 in Alchemy
  7666 | D:7      | Reached skill level 3 in Alchemy
  7864 | D:7      | Noticed Joseph
  7878 | D:7      | Killed Joseph
  7879 | D:7      | Reached skill level 4 in Alchemy
  7879 | D:7      | Reached skill level 6 in Earth Magic
  7879 | D:7      | Reached skill level 5 in Conjurations
  7879 | D:7      | Reached XP level 10. HP: 50/50 MP: 7/20
  8018 | D:7      | Reached skill level 7 in Spellcasting
  8412 | D:7      | Reached skill level 7 in Earth Magic
  8481 | D:7      | Found Ulomur's General Store.
  8487 | D:7      | Bought a potion of haste for 120 gold pieces
  8542 | D:7      | Found a burning altar of Makhleb.
  8818 | D:8      | Reached skill level 5 in Alchemy
  8823 | D:7      | Reached skill level 6 in Stealth
  8926 | D:8      | Reached skill level 7 in Stealth
  8931 | D:7      | Reached skill level 3 in Dodging
  9054 | D:7      | Reached skill level 4 in Dodging
  9365 | D:8      | Found a sacrificial altar of Ru.
  9391 | D:8      | Reached skill level 5 in Dodging
  9474 | D:8      | Found a transporter.
  9543 | D:8      | Reached skill level 6 in Dodging
  9833 | D:8      | Reached ** piety under Sif Muna
 10011 | D:8      | Reached skill level 7 in Dodging
 10011 | D:8      | Reached skill level 1 in Evocations
 10038 | D:8      | Reached skill level 2 in Evocations
 10038 | D:8      | Reached XP level 11. HP: 54/54 MP: 5/21
 10043 | D:8      | Reached skill level 3 in Evocations
 10052 | D:8      | Reached skill level 4 in Evocations
 10055 | D:8      | Reached skill level 1 in Fighting
 10112 | D:8      | Found a transporter.
 10130 | D:8      | Found a staircase to the Lair.
 10201 | D:8      | Reached skill level 2 in Fighting
 10211 | D:8      | Reached skill level 3 in Fighting
 10470 | D:8      | Noticed Jeremiah
 11472 | D:9      | Reached skill level 4 in Fighting
 11920 | D:10     | Entered Level 10 of the Dungeon
 12259 | D:10     | Noticed a two-headed ogre
 12299 | D:10     | Killed a two-headed ogre
 12300 | D:10     | Reached skill level 5 in Fighting
 12685 | D:10     | Learned a level 2 spell: Blink
 12736 | D:10     | Found an opulent altar of Gozag.
 12817 | D:10     | Reached skill level 8 in Earth Magic
 13335 | Lair:1   | Entered Level 1 of the Lair of Beasts
 13693 | Lair:1   | Reached skill level 9 in Earth Magic
 14036 | Lair:1   | Noticed an elephant
 14144 | Lair:1   | Noticed an elephant
 14145 | Lair:1   | Noticed an elephant
 14201 | Lair:1   | Killed an elephant
 14347 | Lair:1   | Noticed an elephant
 14456 | Lair:1   | Killed an elephant
 14457 | Lair:1   | Reached skill level 10 in Earth Magic
 14490 | Lair:1   | Noticed an elephant
 14524 | Lair:1   | Killed an elephant
 14590 | Lair:1   | Killed an elephant
 14591 | Lair:1   | Reached skill level 6 in Conjurations
 14591 | Lair:1   | Reached XP level 12. HP: 63/68 MP: 5/22
 15094 | Lair:1   | Noticed Gastronok
 15103 | Lair:1   | Learned a level 6 spell: Bombard
 15113 | Lair:1   | Killed Gastronok
 15114 | Lair:1   | Reached skill level 7 in Conjurations
 15508 | Lair:1   | Reached skill level 8 in Conjurations
 15654 | Lair:1   | You fall into a shaft and drop 1 floor!
 15660 | Lair:2   | Reached skill level 2 in Short Blades
 15890 | Lair:1   | Reached skill level 3 in Short Blades
 16102 | Lair:1   | Reached skill level 4 in Short Blades
 16282 | Lair:2   | Reached skill level 5 in Short Blades
 16347 | Lair:2   | Noticed Nergalle
 16348 | Lair:2   | Nergalle changed into Nergalle the shock serpent
 16348 | Lair:2   | Noticed Nergalle
 16361 | Lair:2   | Killed Nergalle the shock serpent
 16559 | Lair:2   | Reached skill level 6 in Short Blades
 16782 | Lair:2   | Found a hole to the Spider Nest.
 16782 | Lair:2   | Noticed a pharaoh ant
 16814 | Lair:2   | Reached skill level 7 in Short Blades
 16985 | Lair:2   | Reached *** piety under Sif Muna
 16986 | Lair:2   | Reached skill level 8 in Short Blades
 17407 | Lair:2   | Reached skill level 9 in Short Blades
 17803 | Lair:3   | Noticed a seven-headed hydra
 17867 | Lair:3   | Reached skill level 10 in Short Blades
 18000 | Lair:2   | Learned a level 2 spell: Ensorcelled Hibernation
 18139 | Lair:2   | Reached XP level 13. HP: 37/72 MP: 1/23
 18143 | Lair:2   | Reached skill level 8 in Stealth
 18815 | Lair:2   | Reached skill level 9 in Stealth
 19015 | Lair:3   | Noticed a six-headed hydra
 19072 | Lair:3   | Killed a seven-headed hydra
 19073 | Lair:3   | Reached skill level 10 in Stealth
 19404 | Lair:2   | Reached skill level 11 in Stealth
 19897 | Lair:3   | Reached skill level 12 in Stealth
 20065 | Lair:3   | Identified the +0 scimitar of Ravova {drain, rElec Will+
                  | Dex-4}
 20289 | Lair:3   | Reached **** piety under Sif Muna
 20511 | Lair:3   | Reached skill level 9 in Conjurations
 21113 | Lair:3   | Found a staircase to the Swamp.
 21162 | Lair:3   | Killed a six-headed hydra
 21652 | Lair:4   | Noticed an eight-headed hydra
 21699 | Lair:4   | Reached skill level 10 in Conjurations
 22277 | Lair:4   | Found a runed translucent door.
 22500 | Lair:4   | Reached skill level 11 in Conjurations
 22997 | Lair:4   | Killed an eight-headed hydra
 23190 | Lair:5   | Entered Level 5 of the Lair of Beasts
 23190 | Lair:5   | Noticed a seven-headed hydra
 23190 | Lair:5   | Found a gate leading to a gauntlet.
 23292 | Lair:5   | Killed a seven-headed hydra
 23325 | Gauntlet | Entered a Gauntlet
 23325 | Gauntlet | Found a transporter.
 23358 | Gauntlet | Found a transporter.
 23366 | Gauntlet | Found a transporter.
 23372 | Gauntlet | Found a transporter.
 23394 | Gauntlet | Found a transporter.
 23405 | Gauntlet | Found a large runed translucent door.
 23405 | Gauntlet | Found a large runed translucent door.
 23406 | Gauntlet | Found a large runed translucent door.
 23407 | Gauntlet | Found a large runed translucent door.
 23408 | Gauntlet | Found a large runed translucent door.
 23408 | Gauntlet | Found a large runed translucent door.
 23409 | Gauntlet | Found a large runed translucent door.
 23410 | Gauntlet | Found a large runed translucent door.
 23416 | Gauntlet | Found a runed translucent gate.
 23417 | Gauntlet | Found a transporter.
 23417 | Gauntlet | Found a runed translucent gate.
 23418 | Gauntlet | Found a runed translucent gate.
 23433 | Gauntlet | Found a transporter.
 23438 | Gauntlet | Noticed an entropy weaver
 23464 | Gauntlet | Found a transporter.
 23468 | Gauntlet | Learned a level 1 spell: Apportation
 23493 | Gauntlet | Found a transporter.
 23520 | Gauntlet | Found a transporter.
 23543 | Gauntlet | Found a transporter.
 23566 | Gauntlet | Found a transporter.
 23575 | Gauntlet | Found a transporter.
 23598 | Gauntlet | Found a transporter.
 23699 | Gauntlet | Found a large runed translucent door.
 23699 | Gauntlet | Found a large runed translucent door.
 23700 | Gauntlet | Found a large runed translucent door.
 23701 | Gauntlet | Found a large runed translucent door.
 23702 | Gauntlet | Found a large runed translucent door.
 23702 | Gauntlet | Found a large runed translucent door.
 23703 | Gauntlet | Found a large runed translucent door.
 23704 | Gauntlet | Found a large runed translucent door.
 23708 | Gauntlet | Found a transporter.
 23788 | Lair:5   | Reached skill level 8 in Spellcasting
 23795 | Lair:5   | Reached XP level 14. HP: 78/78 MP: 15/26
 24068 | Lair:5   | Reached skill level 9 in Spellcasting
 24738 | Lair:5   | Reached skill level 11 in Earth Magic
 24970 | Lair:5   | Found a viscous altar of Jiyva.
 25047 | Lair:5   | Found a staircase to the Slime Pits.
 25680 | Lair:5   | Reached skill level 12 in Earth Magic
 26627 | Lair:5   | Found the ring of the Octopus King
 26681 | Lair:5   | Identified a ring of the Octopus King {rCorr HP+2 AC+2 EV+2
                  | SH+2}
 26746 | Lair:5   | Reached skill level 12 in Conjurations
 27814 | Lair:5   | Reached skill level 10 in Spellcasting
 28581 | D:11     | Reached XP level 15. HP: 82/82 MP: 20/29
 29087 | D:11     | Reached skill level 11 in Spellcasting
 29921 | D:11     | Reached skill level 8 in Dodging
 29961 | D:11     | Noticed Urug
 29965 | D:11     | Killed Urug
 30124 | D:11     | Found a viscous altar of Jiyva.
 30757 | D:12     | Found a staircase to the Orcish Mines.
 30919 | D:12     | Reached skill level 9 in Dodging
 31268 | D:12     | Reached skill level 5 in Evocations
 31667 | D:12     | Reached skill level 6 in Evocations
 32164 | Orc:1    | Entered Level 1 of the Orcish Mines
 32204 | Orc:2    | Entered Level 2 of the Orcish Mines
 33573 | Orc:2    | Reached ***** piety under Sif Muna
 34944 | Orc:2    | Found a staircase to the Elven Halls.
 35124 | Orc:2    | Reached skill level 13 in Earth Magic
 35535 | Orc:2    | Received a gift from Sif Muna
 35536 | Orc:2    | Got Sif Muna's Almanac of Transformed Assaults {god gift}
 35853 | Orc:2    | Found Fuprud's Assorted Antiques.
 36125 | Orc:2    | Noticed Saint Roka
 36150 | Orc:2    | Killed from afar by Saint Roka

Vanquished Creatures
  Gastronok (Lair:1)
  7 hydras
  A merfolk avatar (Lair:5)
  A boulder beetle (Lair:5)
  6 two-headed ogres
  3 death yaks (Lair:5)
  2 orc high priests (Orc:2)
  A shock serpent (Lair:2)
  Urug (D:11)
  3 skysharks
  3 sea snakes (Lair:5)
  A goliath frog (Lair:3)
  Pikel (D:6)
  2 cyclopes
  2 manticores
  3 orc sorcerers (Orc:2)
  5 black mambas
  12 elephants
  4 centaur zombies (D:11)
  A kobold blastminer (Orc:2)
  Joseph (D:7)
  A torpor snail (Lair:5)
  A gargoyle (D:11)
  9 cane toads
  An unseen horror (D:10)
  4 rime drakes
  10 komodo dragons
  6 trolls
  A hornet (Lair:5)
  A snapping turtle (Lair:5)
  19 blink frogs
  2 polar bears
  5 dream sheep (Lair:5)
  10 slime creatures
  5 vampires (D:11)
  4 wraiths
  A shadow (D:10)
  48 yaks
  3 fire bats (Lair:1)
  5 steam dragons
  5 wyverns
  A basilisk (Lair:4)
  5 wargs (Orc:2)
  A death yak simulacrum (Lair:2)
  4 vampire mosquitoes (D:12)
  A redback (Lair:2)
  3 acid dragons
  30 water moccasins
  Duvessa (D:6)
  27 orc warriors
  A black bear (D:5)
  3 ice beasts
  A sky beast (D:8)
  A swamp drake (Lair:3)
  9 wolves
  3 centaurs
  7 ogres
  A lemure (D:6)
  3 kobold brigands
  3 phantoms (D:6)
  11 bullfrogs
  2 gnoll sergeants
  A cane toad simulacrum (Lair:2)
  7 scorpions
  4 wights
  4 killer bees (D:7)
  An elephant simulacrum (Lair:2)
  2 electric eels (Lair:5)
  5 howler monkeys
  A lava snake (Lair:1)
  2 bombardier beetles
  3 hounds
  6 jellies
  A gnoll bouda (D:8)
  12 orc priests (Orc:2)
  3 iguanas
  10 orc wizards
  10 hell rats
  15 gnolls
  25 adders
  A shadow imp (D:6)
  5 dart slugs
  2 ribbon worms (D:3)
  71 orcs
  6 ball pythons
  7 endoplasms
  5 giant cockroaches
  10 hobgoblins
  6 jackals
  9 quokkas
  10 bats
  4 frilled lizards
  8 goblins
  26 kobolds
  6 rats
608 creatures vanquished.

Vanquished Creatures (collateral kills)
  3 boulders
3 creatures vanquished.

Vanquished Creatures (others)
  7 boulders
7 creatures vanquished.

Grand Total: 618 creatures vanquished

Table legend: (Time is in decaauts)
 A = Elapsed time spent in this place.
 B = Non-inter-level travel time spent in this place.
 C = Inter-level travel time spent in this place.
 D = Time resting spent in this place.
 E = Time spent auto-exploring this place.
 F = Levels seen in this place.
 G = Mean time per level.
                   A        B        C        D        E       F      G
               +--------+--------+--------+--------+--------+-----+--------+
         Total |  36412 |  35511 |    901 |   7623 |  23287 |  21 | 1733.9 |
       Dungeon |  17375 |  16936 |    439 |   2527 |  12523 |  12 | 1447.9 |
        Temple |     22 |      1 |     21 |      0 |      0 |   1 |   22.0 |
          Lair |  14581 |  14142 |    439 |   4629 |   7384 |   5 | 2916.2 |
  Orcish Mines |   3989 |   3989 |      0 |    467 |   3071 |   2 | 1994.5 |
      Gauntlet |    442 |    442 |      0 |      0 |    308 |   1 |  442.0 |
               +--------+--------+--------+--------+--------+-----+--------+

Top non-repeatable levels by time:
  Lair:5: 4352 daAuts
   Orc:2: 3705 daAuts
  Lair:2: 2928 daAuts
  Lair:1: 2740 daAuts
  Lair:3: 2498 daAuts
    D:11: 2131 daAuts
  Lair:4: 2062 daAuts
     D:8: 1767 daAuts
     D:7: 1765 daAuts
    D:12: 1764 daAuts
     D:2: 1659 daAuts
     D:5: 1579 daAuts
     D:6: 1350 daAuts
    D:10: 1229 daAuts
     D:9: 1197 daAuts

Table legend:
 A = Non-vault XP
 B = Vault XP
 C = Vault XP percentage of total XP
 D = Non-vault monster count
 E = Vault monster count
 F = Vault count percentage of total count
                 A         B        C        D         E       F
            +---------+---------+-------+---------+---------+-------
      Total |   61701 |   35126 |  36.3 |     371 |     236 |  38.9
            +---------+---------+-------+---------+---------+-------
        D:1 |      37 |       1 |   2.6 |      25 |       1 |   3.8
        D:2 |     115 |      57 |  33.1 |      31 |      11 |  26.2
        D:3 |     146 |       0 |   0.0 |      20 |       0 |   0.0
        D:4 |     196 |       0 |   0.0 |      18 |       0 |   0.0
        D:5 |    1115 |       0 |   0.0 |      17 |       0 |   0.0
        D:6 |     749 |     869 |  53.7 |      14 |       5 |  26.3
        D:7 |    2084 |     471 |  18.4 |      28 |       1 |   3.4
        D:8 |    1517 |    1706 |  52.9 |      20 |      14 |  41.2
        D:9 |     513 |       0 |   0.0 |      11 |       0 |   0.0
       D:10 |    1723 |       0 |   0.0 |       4 |       0 |   0.0
       D:11 |    5193 |    4333 |  45.5 |      15 |      15 |  50.0
       D:12 |    5823 |     155 |   2.6 |      25 |       7 |  21.9
     Lair:1 |    6343 |    1455 |  18.7 |      23 |       1 |   4.2
     Lair:2 |    6910 |    2199 |  24.1 |      27 |      14 |  34.1
     Lair:3 |    4297 |    3873 |  47.4 |      13 |      36 |  73.5
     Lair:4 |    7150 |     201 |   2.7 |      29 |       1 |   3.3
     Lair:5 |   17790 |    8041 |  31.1 |      51 |      18 |  26.1
      Orc:1 |       0 |     860 | 100.0 |       0 |      11 | 100.0
      Orc:2 |       0 |   10905 | 100.0 |       0 |     101 | 100.0
            +---------+---------+-------+---------+---------+-------
